 Dungeon Crawl Stone Soup version 0.29-a0-362-g5854e031c7 (webtiles) character file.

Game seed: 17101939807722754677

8559 ptdevnull the Cleaver (level 11, 91/91 HPs)
             Began as a Minotaur Berserker on Jan 17, 2022.
             Was an Elder of Trog.
             Quit the game on level 10 of the Dungeon on Apr 29, 2022.
             The game lasted 00:22:12 (10093 turns).

ptdevnull the Cleaver (Minotaur Berserker)         Turns: 10093, Time: 00:22:12

Health: 91/91      AC: 17    Str: 26    XL:     11   Next: 11%
Magic:  10/10      EV:  8    Int:  6    God:    Trog [****..]
Gold:   563        SH:  0    Dex: 13    Spells: 10/10 levels left

rFire   . . .      SeeInvis .   A - +0 battleaxe
rCold   . . .      Faith    .   (shield currently unavailable)
rNeg    + . .      Spirit   .   N - +0 plate armour
rPois   .          Reflect  .   (helmet restricted)
rElec   .          Harm     .   t - +0 cloak
rCorr   .          Rampage  .   (no gloves)
Will    +....                   F - +0 pair of boots
Stlth   ..........              (no amulet)
HPRegen 0.25/turn               l - ring of flight
MPRegen 0.12/turn               M - ring of Duhysoqime {rN+ Int+2 Dex+3}

@: flying
A: horns 2, retaliatory headbutt, frail 1, strong-willed 1, wild magic 1
a: Renounce Religion, Berserk, Trog's Hand, Brothers in Arms


You were on level 10 of the Dungeon.
You worshipped Trog.
Trog was greatly pleased with you.
You visited 1 branch of the dungeon, and saw 11 of its levels.

You collected 563 gold pieces.

Inventory:

Hand Weapons
 a - a +5 halberd of freezing
 i - a +0 war axe of electrocution
 A - a +0 battleaxe (weapon)
Missiles
 z - 6 atropa-tipped darts (quivered)
Armour
 t - a +0 cloak (worn)
 F - a +0 pair of boots (worn)
 K - an orb of mayhem
 N - a +0 plate armour (worn)
Jewellery
 l - a ring of flight (left hand)
 M - the ring of Duhysoqime (right hand) {rN+ Int+2 Dex+3}
   (You found it on level 9 of the Dungeon)

   [ring of positive energy]

   Int:       It affects your intelligence (+2).
   Dex:       It affects your dexterity (+3).
   rN:        It protects you from negative energy.
Wands
 b - a wand of iceblast (3)
 m - a wand of flame (42)
 n - a wand of digging (9)
 p - a wand of polymorph (28)
 w - a wand of paralysis (12)
Scrolls
 d - 4 scrolls of identify
 e - 4 scrolls of teleportation
 f - 2 scrolls of summoning
 k - 2 scrolls of fog
 o - a scroll of brand weapon {unknown}
 u - 2 scrolls of torment
 v - a scroll of vulnerability {unknown}
 y - 2 scrolls of enchant armour {unknown}
 C - a scroll of amnesia {unknown}
 D - a scroll of immolation {unknown}
 G - a scroll of enchant weapon {unknown}
 H - 2 scrolls of magic mapping {unknown}
 I - a scroll of noise {unknown}
 J - a scroll of blinking {unknown}
Potions
 c - 2 potions of haste
 g - a potion of resistance {unknown}
 h - 2 potions of berserk rage {unknown}
 j - 6 potions of curing
 q - 2 potions of heal wounds
 r - 4 potions of brilliance
 s - 2 potions of might
 x - a potion of attraction {unknown}
 B - a potion of lignification
 L - a potion of degeneration
Miscellaneous
 E - a piece from Xom's chessboard (15/15)


   Skills:
 + Level 11.4 Fighting
 - Level 14.2 Axes
 + Level 10.9 Armour
 - Level 2.5 Dodging
 - Level 0.2 Stealth


You had 10 spell levels left.
You didn't know any spells.
Your spell library was empty.

Dungeon Overview and Level Annotations

Branches:
Dungeon (11/15)            Temple (0/1) D:6            Lair (0/6) D:10
    Orc (0/2) D:10

Altars:
Cheibriados
Dithmenos
Elyvilon
Fedhas
Okawaru
Trog
Xom

Shops:
D:2 (


Innate Abilities, Weirdness & Mutations

You have a pair of horns on your head.
You reflexively headbutt those who attack you in melee.
You are frail. (-10% HP)
You are strong-willed. (Will+)
Your spells are a little harder to cast, but a little more powerful.


Message History

A kobold comes into view. It is wielding a +0 dagger.
The vampire points at you and mumbles some strange words.
You resist with almost no effort. The yak gores you but does no damage.
An acid dragon comes into view.
You slice the yak!!
The yak is severely wounded.
The acid dragon spits acid at you. The splash of acid hits you!!
The kobold demonologist casts a spell.
The yak gores you but does no damage.
You hear a shout!
You slice the yak!!
You kill the yak!
Trog accepts your kill.
The kobold demonologist mumbles some strange words.
The kobold brigand throws a curare-tipped dart.
The curare-tipped dart hits you.
You are poisoned.
You have difficulty breathing.
You feel yourself slow down.
You feel very sick.
You fly upwards.
You feel sick.
There is a stone staircase leading down here.
You start resting.
You feel sick. x2
You are no longer poisoned.
You start resting.
You feel yourself speed up.
You start resting.
HP restored.
You see here a piece from Xom's chessboard (15/15).
E - a piece from Xom's chessboard (15/15) Save game and exit?
Welcome back, ptdevnull the Minotaur Berserker.
Trog says: Kill them all!
Press ? for a list of commands and other information.
No target in view!
Okay, then.
Annotate which branch? (. - D:10, ? - help, ! - show branch list)
Okay, then.
There are no items here.
Are you sure you want to abandon this character and quit the game? (Confirm with "yes".)

....# ###.##### ........#
###.###.############## #.#
#.#............# #.#
#..............#
###.####.............#
..............>......#
####.###........@....#
##.....####..........#
....8.....####.#######
..........## #.#
...........###.#
....>....8).##.################
.........).)..................#
.........)#.##..........#####.#
....8.....#..#..........# #.#


There were no monsters in sight!

Vanquished Creatures
  Pikel (D:9)
  A gargoyle (D:10)
  A kobold demonologist (D:10)
  2 slime creatures (D:9)
  A vampire (D:9)
  A shadow (D:10)
  13 yaks
  Grum (D:8)
  4 water moccasins
  An acid dragon (D:10)
  2 orc warriors
  A sky beast (D:7)
  2 black bears
  A necrophage (D:7)
  3 wolves (D:8)
  2 centaurs
  2 phantoms
  5 bullfrogs
  2 kobold brigands
  Blork the orc (D:4)
  2 wyvern zombies (D:6)
  A scorpion (D:10)
  A water moccasin skeleton (D:5)
  5 killer bees (D:8)
  13 wights
  3 howler monkeys (D:7)
  3 hounds
  2 centaur skeletons
  3 centaur zombies
  A bullfrog skeleton (D:5)
  A gnoll shaman (D:10)
  Jessica (D:3)
  2 iguanas
  Natasha (thrice) (D:3)
  4 orc wizards
  4 killer bee zombies
  A hound skeleton (D:4)
  A howler monkey zombie (D:9)
  Robin (D:3)
  6 gnolls
  5 adders
  A white imp (D:7)
  2 ufetubi (D:5)
  An adder skeleton (D:4)
  A worm (D:5)
  4 dart slugs
  33 orcs
  5 ball pythons
  2 bats
  4 endoplasms
  3 giant cockroaches
  14 goblins
  9 hobgoblins
  5 jackals
  2 quokkas (D:4)
  2 frilled lizards
  10 kobolds
  8 rats
216 creatures vanquished.

Vanquished Creatures (collateral kills)
  2 slime creatures (D:8)
  An orc warrior (D:8)
  An orc (D:8)
4 creatures vanquished.

Vanquished Creatures (others)
  A quokka (D:3)
  48 fungi (D:10)
  46 plants (D:10)
95 creatures vanquished.

Grand Total: 315 creatures vanquished

Notes
Turn   | Place    | Note
-------+----------+-------------------------------------------
     0 | D:1      | ptdevnull the Minotaur Berserker began the quest for the
                  | Orb.
     0 | D:1      | Reached XP level 1. HP: 19/19 MP: 0/0
   406 | D:1      | Reached XP level 2. HP: 27/27 MP: 1/1
   440 | D:1      | Reached skill level 4 in Axes
   898 | D:1      | Found a faded altar of an unknown god.
   970 | D:2      | Found Doarph's Antique Weapon Shoppe.
  1057 | D:2      | Reached XP level 3. HP: 33/33 MP: 2/2
  1105 | D:2      | Reached ** piety under Trog
  1459 | D:3      | Found a bloodstained altar of Trog.
  1512 | D:3      | Noticed Robin
  1516 | D:3      | Noticed Natasha
  1520 | D:3      | Reached skill level 5 in Axes
  1522 | D:3      | Killed Robin
  1523 | D:3      | Reached XP level 4. HP: 40/40 MP: 3/3
  1525 | D:3      | Killed Natasha
  1635 | D:3      | Found a white marble altar of Elyvilon.
  1635 | D:3      | Found the +2 ratskin cloak {*Rats rPois rN+ Str-1 Int-1
                  | Dex+1}
  1706 | D:3      | Noticed Natasha
  1760 | D:3      | Killed Natasha
  1761 | D:3      | Reached skill level 6 in Axes
  1841 | D:3      | Noticed Natasha
  1844 | D:3      | Reached XP level 5. HP: 43/46 MP: 4/4
  1849 | D:3      | Killed Natasha
  1850 | D:3      | Found a blossoming altar of Fedhas.
  2082 | D:3      | Noticed a centaur
  2088 | D:3      | Killed a centaur
  2089 | D:3      | Reached skill level 7 in Axes
  2414 | D:3      | Noticed Jessica
  2419 | D:3      | Killed Jessica
  2420 | D:3      | Reached XP level 6. HP: 52/52 MP: 5/5
  2528 | D:4      | Noticed Blork the orc
  2543 | D:4      | Killed Blork the orc
  2544 | D:4      | Reached skill level 8 in Axes
  2631 | D:4      | Reached *** piety under Trog
  2943 | D:4      | Reached skill level 9 in Axes
  3030 | D:4      | Reached XP level 7. HP: 55/59 MP: 6/6
  3459 | D:5      | Entered Level 5 of the Dungeon
  3631 | D:5      | Reached skill level 10 in Axes
  3750 | D:5      | Reached skill level 11 in Axes
  3753 | D:5      | Reached XP level 8. HP: 64/66 MP: 7/7
  4152 | D:6      | Reached skill level 12 in Axes
  4205 | D:6      | Found a staircase to the Ecumenical Temple.
  4291 | D:6      | Found a snail-covered altar of Cheibriados.
  5125 | D:7      | Found a shimmering altar of Xom.
  5478 | D:7      | Reached skill level 13 in Axes
  5483 | D:7      | Reached skill level 5 in Fighting
  5727 | D:7      | Reached XP level 9. HP: 58/74 MP: 8/8
  6022 | D:8      | Noticed Grum
  6032 | D:8      | Killed Grum
  6135 | D:8      | Reached skill level 5 in Armour
  6386 | D:8      | Found an iron altar of Okawaru.
  6420 | D:8      | Reached **** piety under Trog
  6426 | D:8      | Reached skill level 14 in Axes
  7731 | D:9      | Reached XP level 10. HP: 52/88 MP: 9/9
  7885 | D:9      | Found a shadowy altar of Dithmenos.
  7896 | D:9      | Noticed Pikel
  7908 | D:9      | Killed Pikel
  8070 | D:9      | Identified the ring of Duhysoqime {rN+ Int+2 Dex+3}
  8151 | D:8      | Gained mutation: You are frail. (-10% HP) [potion of
                  | mutation]
  8151 | D:8      | Gained mutation: Your spells are a little harder to cast,
                  | but a little more powerful. [potion of mutation]
  8151 | D:8      | Gained mutation: You are dopey. (Int -2) [potion of
                  | mutation]
  8302 | D:9      | You are sucked into a shaft and drop 1 floor!
  8302 | D:10     | Entered Level 10 of the Dungeon
  8312 | D:10     | Lost mutation: You are dopey. (Int -2) [potion of mutation]
  8312 | D:10     | Lost mutation: You are frail. (-10% HP) [potion of
                  | mutation]
  8312 | D:10     | Gained mutation: You are frail. (-10% HP) [potion of
                  | mutation]
  8312 | D:10     | Gained mutation: You are strong-willed. (Will+) [potion of
                  | mutation]
  8464 | D:10     | Noticed a gargoyle
  8471 | D:10     | Killed a gargoyle
  8544 | D:10     | Found a staircase to the Lair.
  8695 | D:10     | Reached skill level 10 in Fighting
  8695 | D:10     | Noticed a smoke demon
  8716 | D:10     | Reached skill level 10 in Armour
  8874 | D:10     | Found a staircase to the Orcish Mines.
  9218 | D:10     | Reached XP level 11. HP: 74/91 MP: 10/10
  9911 | D:11     | Noticed a sun demon
 10093 | D:10     | Upgraded the game from 0.28-a0-1518-gbe868bca14 to
                  | 0.29-a0-362-g5854e031c7
 10093 | D:10     | Quit the game

Illustrated notes

Levels and vault maps discovered:
D:1:      nzn_arrival_crosshair, layout_basic,
          hellmonk_ecumenical_altar_leap_of_faith, minmay_tetromino_l2
D:2:      layout_rooms, serial_shops, shop
D:3:      layout_basic, lemuel_coloured_pillars_altar, elyvilon_altar_4,
          old_standard_altar, kennysheep_boxes, uniq_robin, uniq_natasha,
          uniq_jessica
D:4:      layout_loops_ring, uniq_blork_the_orc
D:5:      layout_rooms, amcnicky_mini_pool_small, hangedman_decor_riveting,
          serial_bayou_pond_d
D:6:      layout_gridville, mainiacjoe_overflow_alcove_1,
          minmay_temple_entry_mini_moons, serial_rivers,
          chequers_serial_rivers_micro_a, chequers_serial_rivers_small_3,
          chequers_serial_rivers_micro_e, chequers_serial_rivers_room_b,
          kennysheep_nondescript, kennysheep_nub, minmay_small_thing
D:7:      layout_basic, kennysheep_mini
D:8:      layout_basic, okawaru_ov_weapons_minmay, nicolae_benzene_ring,
          uniq_grum
D:9:      layout_rooms, grunt_dithmenos_smoke, serial_aquarium,
          aquarium_bridge_square [aquarium_subvault_wall,
          aquarium_subvault_wall, aquarium_subvault_wall,
          aquarium_subvault_bridge], aquarium_bridge_long_joined
          [aquarium_subvault_window, aquarium_subvault_bridge,
          aquarium_subvault_wall, aquarium_subvault_bridge,
          aquarium_subvault_window, aquarium_subvault_bridge],
          aquarium_window_3, aquarium_window_fake, aquarium_window_corner,
          aquarium_window_fake, aquarium_view_2e, aquarium_balcony_1a,
          aquarium_pool_double, uniq_pikel
D:10:     layout_basic, due_lair_maze_entry_diamond, david_orc_2
D:11:     layout_cross, serial_shops, shop, st_stairs_9, corner_web_ring

Skill      XL: |  1  2  3  4  5  6  7  8  9 10 |
---------------+-------------------------------+-----
Axes           | 4 5 6 7 9 11 13 14 | 14.2
Fighting       | 4 5 8 11 | 11.4
Armour         | 4 7 10 | 10.9
Dodging        | |  2.5
Stealth        | |  0.2

Action                   |  1- 3 |  4- 6 |  7- 9 | 10-12 || total
-------------------------+-------+-------+-------+-------++-------
Melee: Hand axe          |    56 |       |       |       ||    56
       Headbutt          |    14 |    10 |    30 |    25 ||    79
       War axe           |    28 |    81 |    67 |       ||   176
       Punch             |     1 |       |       |       ||     1
       Unarmed           |       |     1 |       |       ||     1
       Battleaxe         |       |       |   103 |   138 ||   241
       Halberd           |       |       |    10 |       ||    10
Invok: Berserk           |     2 |     3 |     4 |     4 ||    13
       Trog's Hand       |       |     2 |       |       ||     2
       Brothers in Arms  |       |       |     2 |       ||     2
Evoke: Wand              |       |     1 |       |       ||     1
  Use: Potion            |       |       |     1 |     2 ||     3
       Scroll            |       |       |       |    11 ||    11
 Stab: Sleeping          |     1 |       |       |       ||     1
Armor: Animal skin       |     6 |       |       |       ||     6
       Chain mail        |    21 |    51 |   117 |     9 ||   198
       Skin              |       |     2 |       |       ||     2
       Plate armour      |       |       |       |    62 ||    62
Dodge: Dodged            |    35 |    26 |    90 |    52 ||   203

Table legend: (Time is in decaauts)
 A = Elapsed time spent in this place.
 B = Non-inter-level travel time spent in this place.
 C = Inter-level travel time spent in this place.
 D = Time resting spent in this place.
 E = Time spent auto-exploring this place.
 F = Levels seen in this place.
 G = Mean time per level.
                   A        B        C        D        E       F      G
               +--------+--------+--------+--------+--------+-----+--------+
         Total |  10269 |  10045 |    224 |   2482 |   6098 |  11 |  933.5 |
       Dungeon |  10269 |  10045 |    224 |   2482 |   6098 |  11 |  933.5 |
               +--------+--------+--------+--------+--------+-----+--------+

Top non-repeatable levels by time:
    D:10: 1810 daAuts
     D:8: 1765 daAuts
     D:3: 1198 daAuts
     D:6: 983 daAuts
     D:1: 965 daAuts
     D:4: 915 daAuts
     D:7: 882 daAuts
     D:5: 698 daAuts
     D:9: 562 daAuts
     D:2: 482 daAuts
    D:11: 5 daAuts
